 Dungeon Crawl Stone Soup version 0.21.0-3-g78d12a8 (webtiles) character file.

32778 grindst0ne the Cleaver (level 13, -5/103 HPs)
             Began as a Demonspawn Chaos Knight on Jan 11, 2018.
             Slain by an acid blob (40 damage)
             ... on level 5 of the Lair of Beasts.
             The game lasted 00:35:29 (17961 turns).

grindst0ne the Cleaver (Demonspawn Chaos Knight)   Turns: 17961, Time: 00:35:30

Health: -5/103     AC: -9    Str: 26    XL:     13   Next: 33%
Magic:  17/17      EV: 15    Int: 17    God:    Xom [..*...]
Gold:   1281       SH:  6    Dex: 19    Spells: 3/12 levels left

rFire    + + +     SeeInvis +   n - +2 hand axe (venom)
rCold    . . .     Gourm    .   k - +2 buckler
rNeg     . . .     Faith    .   R - +3 leather armour "Serch" {rF++ Str+2}
rPois    .         Spirit   .   f - +0 mask of the Dragon {MR+ Slay+3 SInv}
rElec    .         Reflect  .   y - +0 cloak
rCorr    .         Harm     .   (no gloves)
MR       +....                  (no boots)
Stlth    ++++......             (no amulet)
HPRegen  0.27/turn              u - +6 ring of dexterity
MPRegen  0.15/turn              x - +6 ring of strength

@: corroded
A: claws 1, talons 1, thin metallic scales 1, blink, clever 1, fire resistance
2, nightstalker 3, powered by death 2, strong 1
a: Blink, Renounce Religion


You were on level 5 of the Lair of Beasts.
You worshipped Xom.
You were a toy of Xom.
You were not hungry.

You visited 2 branches of the dungeon, and saw 16 of its levels.
You also visited: Labyrinth and Sewer.

You collected 1281 gold pieces.

Inventory:

Hand Weapons
 n - a +2 hand axe of venom (weapon)
 K - a +0 battleaxe
 W - a +2 scimitar of flaming
Armour
 b - the +3 hat of Pondering {ponderous, MR+ MP+10 Int+5}
   (You took it off Gastronok on level 8 of the Dungeon)

   It affects your intelligence (+5).
   It affects your resistance to hostile enchantments.
   It affects your magic capacity (+10).
 e - a +3 chain mail of magic resistance
 f - the +0 mask of the Dragon (worn) {MR+ Slay+3 SInv}
   (You found it on level 4 of the Dungeon)

   It affects your accuracy and damage with ranged weapons and melee attacks
   (+3).
   It affects your resistance to hostile enchantments.
   It lets you see invisible.
 k - a +2 buckler (worn)
 y - a +0 cloak (worn)
 R - the +3 leather armour "Serch" (worn) {rF++ Str+2}
   (You found it on level 3 of the Lair of Beasts)

   It affects your strength (+2).
   It greatly protects you from fire.
 T - a +2 troll leather armour {Snorg}
Jewellery
 u - a +6 ring of dexterity (left claw)
 x - a +6 ring of strength (right claw)
Wands
 v - a wand of digging (5)
 z - a wand of flame (26)
 C - a wand of paralysis (11)
 D - a wand of polymorph (36)
 G - a wand of random effects (23)
 J - a wand of acid (17)
 P - a wand of clouds (6)
Scrolls
 d - 2 scrolls of enchant armour
 l - 3 scrolls of blinking
 o - 11 scrolls of remove curse
 p - 2 scrolls of enchant weapon
 r - 8 scrolls of teleportation
 w - 4 scrolls of fear
 F - 3 scrolls of fog
 H - a scroll of summoning
 I - a scroll of silence
 N - 8 scrolls of identify
Potions
 g - 2 potions of mutation
 i - 2 potions of heal wounds
 j - 6 potions of curing
 m - 3 potions of magic
 q - 3 potions of agility
 s - 4 potions of flight
 t - 3 potions of might
 A - a potion of haste
 B - 2 potions of resistance
 E - 3 potions of invisibility
 O - 3 potions of brilliance
 Q - 2 potions of lignification
Books
 a - a book of Frost

   Spells                             Type                      Level
   a - Freeze                         Ice                          1
   b - Throw Frost                    Conjuration/Ice              2
   c - Ozocubu's Armour               Charms/Ice                   3
   d - Throw Icicle                   Conjuration/Ice              4
   e - Summon Ice Beast               Ice/Summoning                4
 h - a book of the Sky

   Spells                             Type                      Level
   a - Summon Lightning Spire         Summoning/Air                4
   b - Silence                        Hexes/Air                    5
   c - Deflect Missiles               Charms/Air                   6
   d - Conjure Ball Lightning         Conjuration/Air              6
   e - Tornado                        Air                          9
 L - a book of Clouds

   Spells                             Type                      Level
   a - Poisonous Vapours              Poison/Air                   2
   b - Mephitic Cloud                 Conjuration/Poison/Air       3
   c - Conjure Flame                  Conjuration/Fire             3
   d - Freezing Cloud                 Conjuration/Ice/Air          6
   e - Ring of Flames                 Charms/Fire                  7
 X - a book of the Sky

   Spells                             Type                      Level
   a - Summon Lightning Spire         Summoning/Air                4
   b - Silence                        Hexes/Air                    5
   c - Deflect Missiles               Charms/Air                   6
   d - Conjure Ball Lightning         Conjuration/Air              6
   e - Tornado                        Air                          9
 Y - a book of the Earth

   Spells                             Type                      Level
   a - Leda's Liquefaction            Hexes/Earth                  4
   b - Bolt of Magma                  Conjuration/Fire/Earth       5
   c - Statue Form                    Transmutation/Earth          6
   d - Iron Shot                      Conjuration/Earth            6
   e - Shatter                        Earth                        9
Miscellaneous
 M - a box of beasts
 S - a phial of floods
 U - a phantom mirror
 Z - a lightning rod (4/4)
Comestibles
 c - 23 rations
 V - 18 chunks of flesh


   Skills:
 - Level 10.0 Fighting
 + Level 14.0 Axes
 - Level 11.0 Armour
 - Level 5.0 Dodging
 - Level 6.0 Evocations


You had 3 spell levels left.
You knew the following spells:

 Your Spells              Type           Power        Failure   Level  Hunger
a - Deflect Missiles      Chrm/Air       #.........   100%        6    #######
b - Ozocubu's Armour      Chrm/Ice       #.......     78%         3    ####...


Dungeon Overview and Level Annotations

Branches:
Dungeon (11/15)            Temple (0/1) D:5            Lair (5/6) D:9
 Shoals (0/4) Lair:2        Snake (0/4) Lair:2        Slime (0/5) Lair:5
    Orc (0/2) D:9

Altars:
Ashenzari
Cheibriados
Dithmenos
Nemelex Xobeh
Ru
Trog
Uskayaw
Vehumet
Wu Jian
Xom
Jiyva

Annotations:
D:8 exclusion: downstairs


Innate Abilities, Weirdness & Mutations

You have sharp toenails.
You are partially covered in thin metallic scales. (AC +2)
You are completely attuned to the shadows.
You regenerate health from kills.
You have sharp fingernails.
You can translocate small distances at will.
Your mind is acute. (Int +2)
Your flesh is very heat resistant. (rF++)
Your muscles are strong. (Str +2)


Message History

You hit the acid blob but do no damage.
The acid blob looks as sick as possible!
Your claws burn!
You claw the acid blob.
The acid blob is almost dead.
You hit the slime creature but do no damage.
The slime creature is poisoned.
You hit the acid blob but do no damage.
The acid blob looks as sick as possible!
Your claws burn!
You claw the acid blob, but do no damage.
The acid blob is almost dead.
You hit the slime creature but do no damage.
The slime creature misses you. The acid blob spits acid at you.
The splash of acid hits you!
* * * LOW HITPOINT WARNING * * *
The acid corrodes you!
You are splashed with acid!
The acid burns!
* * * LOW HITPOINT WARNING * * *
You feel much better. The acid blob hits you!!!
You die...

.....##'##...#
..........
P.#..#J_.##...P
.....P...
#..#..J##.........<....
#.##.>.##..........##..
#..#####..... .....#...
#......#... ..#.#.#..
............ #..#..P..
.......J..... ........
.......J@.... ........
............ ........
..........P .##.....
.......... ###...
#...P.... ##.. #.. #P..
#... ....


You could see an acid blob and a slime creature.

Vanquished Creatures
  Gastronok (D:8)
  Snorg (D:10)
  A minotaur (Lab)
  Erica (Lair:1)
  4 two-headed ogres
  Sonja (Lair:3)
  A tyrant leech (D:11)
  A cyclops (D:11)
  A manticore (D:11)
  An ugly thing (D:11)
  A centaur zombie (D:9)
  3 elephants
  Joseph (D:10)
  Psyche (D:9)
  An ice statue (D:10)
  A centaur skeleton (D:10)
  5 spiny frogs
  A black mamba (Lair:1)
  2 rime drakes
  5 komodo dragons
  2 polar bears (Lair:4)
  A meliai (shapeshifter) (Lair:4)
  Grinder (D:5)
  A hornet (D:8)
  15 blink frogs
  5 hippogriffs
  2 wyverns
  A vampire (D:11)
  A spriggan (D:9)
  23 yaks
  Grum (D:10)
  3 basilisks
  A hungry ghost (D:5)
  2 steam dragons (D:9)
  3 porcupines
  7 water moccasins
  3 sky beasts
  An ice beast (D:5)
  2 orc warriors
  2 black bears
  4 phantoms
  2 necrophages
  4 ogres
  16 wolves
  10 centaurs
  9 crocodiles
  10 big kobolds
  14 bullfrogs
  A gnoll sergeant (D:7)
  6 scorpions
  A water moccasin skeleton (D:4)
  6 killer bees (D:8)
  2 howler monkeys
  4 wights (D:9)
  7 crimson imps
  8 hounds
  2 jellies
  2 quasits
  Crazy Yiuf (D:5)
  5 orc priests
  6 orc wizards
  Jessica (D:2)
  Ijyb (D:4)
  An iguana (D:9)
  5 worker ants
  A hound zombie (D:8)
  3 hound skeletons
  A howler monkey skeleton (D:9)
  3 gnolls (D:7)
  4 river rats (Sewer)
  10 adders
  9 oozes
  An adder skeleton (D:5)
  3 worms
  A dart slug (D:2)
  9 leopard geckos
  30 orcs
  11 bats
  7 giant cockroaches
  10 goblins
  13 hobgoblins
  6 jackals
  4 quokkas
  4 ball pythons
  2 frilled lizards
  A jackal skeleton (D:6)
  A jackal zombie (D:5)
  34 kobolds
  A quokka skeleton (D:5)
  14 rats
  4 fungi
  2 plants
428 creatures vanquished.

Vanquished Creatures (collateral kills)
  A steam dragon (D:9)
1 creature vanquished.

Vanquished Creatures (others)
  A wight (D:9)
  10 fungi
  10 plants
21 creatures vanquished.

Grand Total: 450 creatures vanquished

Notes
Turn   | Place    | Note
-------+----------+-------------------------------------------
     0 | D:1      | grindst0ne the Demonspawn Chaos Knight began the quest for the Orb.
     0 | D:1      | Reached XP level 1. HP: 18/18 MP: 1/1
   159 | D:1      | Gained mutation: You are slightly more attuned to the shadows. [demonic ancestry]
   159 | D:1      | Reached XP level 2. HP: 20/24 MP: 2/2
   712 | D:1      | Reached skill level 3 in Axes
   725 | D:1      | XOM: silly message
   897 | D:1      | XOM: silly message
   948 | D:2      | XOM: harmless Air miscast
   954 | D:2      | XOM: silly message
   990 | D:2      | Gained mutation: You are partially covered in thin metallic scales. (AC +2) [demonic ancestry]
   990 | D:2      | Reached XP level 3. HP: 30/30 MP: 3/3
  1117 | D:2      | Found a sparkling altar of Nemelex Xobeh.
  1462 | D:2      | XOM: god gift: 55 gold pieces
  1480 | D:2      | XOM: scenery: create altars
  1511 | D:2      | Found a shadowy altar of Dithmenos.
  1539 | D:2      | Noticed Jessica
  1541 | D:2      | XOM: divination: detect creatures
  1545 | D:2      | Killed Jessica
  1545 | D:2      | Gained mutation: You regenerate a little health from kills. [demonic ancestry]
  1545 | D:2      | Reached XP level 4. HP: 36/38 MP: 4/4
  2074 | D:3      | XOM: scenery: create altars
  2146 | D:3      | Noticed a moth of wrath
  2149 | D:3      | Found a bloodstained altar of Trog.
  2314 | D:3      | XOM: scenery: create altars
  2611 | D:3      | Reached skill level 5 in Fighting
  2621 | D:3      | Reached XP level 5. HP: 40/44 MP: 5/5
  2755 | D:4      | Found the +0 mask of the Dragon {MR+ Slay+3 SInv}
  2946 | D:4      | Reached skill level 4 in Axes
  2950 | D:4      | Noticed a phantom
  2965 | D:4      | XOM: god gift: ration
  2977 | D:4      | XOM: fake destruction
  3011 | D:4      | XOM: fog
  3012 | D:4      | Killed a phantom
  3012 | D:4      | Gained mutation: You have sharp toenails. [demonic ancestry]
  3012 | D:4      | Reached XP level 6. HP: 30/52 MP: 6/6
  3258 | D:4      | Noticed Ijyb
  3268 | D:4      | Killed Ijyb
  3441 | D:4      | Found a hide-covered altar of Uskayaw.
  3587 | D:5      | Entered Level 5 of the Dungeon
  3597 | D:5      | Gained mutation: You are significantly more attuned to the shadows. [demonic ancestry]
  3597 | D:5      | Reached XP level 7. HP: 59/59 MP: 7/7
  3600 | D:5      | Noticed a hungry ghost
  3611 | D:5      | Killed a hungry ghost
  3633 | D:5      | Reached skill level 5 in Axes
  3732 | D:5      | Found a staircase to the Ecumenical Temple.
  3857 | D:5      | Noticed Grinder
  3866 | D:5      | Killed Grinder
  3873 | D:5      | Reached XP level 8. HP: 37/68 MP: 8/8
  3929 | D:5      | Found a glowing drain.
  3937 | D:5      | XOM: god gift: 52 gold pieces
  3941 | Sewer    | Entered a sewer
  3967 | Sewer    | XOM: cleaving
  4045 | Sewer    | XOM: 3-stop teleportation journey
  4238 | Sewer    | XOM: fog
  4241 | Sewer    | Reached skill level 6 in Axes
  4252 | Sewer    | XOM: give mutations
  4252 | Sewer    | Gained mutation: Your flesh is heat resistant. (rF+) [Xom's grace]
  4252 | Sewer    | Gained mutation: You have a pair of small horns on your head. [Xom's grace]
  4252 | Sewer    | Gained mutation: You are agile. (Dex +2) [Xom's grace]
  4319 | Sewer    | XOM: 1-stop teleportation journey
  4454 | Sewer    | XOM: give mutation
  4454 | Sewer    | Gained mutation: You are very agile. (Dex +4) [Xom's grace]
  4673 | D:5      | Found a runed door.
  4750 | D:5      | XOM: give mutation
  4750 | D:5      | Gained mutation: Your mind is acute. (Int +2) [Xom's grace]
  5001 | D:5      | Noticed Crazy Yiuf
  5004 | D:5      | Killed Crazy Yiuf
  5018 | D:5      | Learned a level 3 spell: Ozocubu's Armour
  5105 | D:6      | XOM: cleaving
  5218 | D:6      | Reached skill level 10 in Fighting
  5259 | D:6      | XOM: 4-stop teleportation journey
  5434 | D:7      | Reached XP level 9. HP: 77/77 MP: 9/9
  5439 | D:7      | XOM: god gift: ration
  5528 | D:7      | Found a shattered altar of Ashenzari.
  5581 | D:7      | Reached skill level 7 in Axes
  5720 | D:7      | Found a sacrificial altar of Ru.
  5861 | D:7      | Found an ornate altar of the Wu Jian Council.
  6131 | D:7      | XOM: divination: detect creatures
  6134 | D:7      | XOM: confuse monster(s)
  6291 | D:8      | Reached skill level 5 in Armour
  6474 | D:8      | Noticed Gastronok
  6486 | D:8      | XOM: scenery: create altars
  6508 | D:8      | Killed Gastronok
  6508 | D:8      | Reached skill level 8 in Axes
  6508 | D:8      | Reached XP level 10. HP: 66/85 MP: 10/10
  6545 | D:8      | XOM: harmless Air miscast
  6587 | D:8      | Noticed a two-headed ogre
  6593 | D:8      | Killed a two-headed ogre
  6593 | D:8      | Reached skill level 9 in Axes
  6633 | D:8      | XOM: give mutations
  6633 | D:8      | Gained mutation: Your muscles are strong. (Str +2) [Xom's grace]
  6633 | D:8      | Gained mutation: You can translocate small distances at will. [Xom's grace]
  6633 | D:8      | Gained mutation: You are covered in fur. (AC +1) [Xom's grace]
  6639 | D:8      | XOM: stat loss: -1 Dex (22/23)
  6877 | D:8      | Found a snail-covered altar of Cheibriados.
  7035 | D:9      | Noticed Psyche
  7040 | D:9      | Killed Psyche
  7072 | D:9      | XOM: divine lightning
  7147 | D:9      | Found a staircase to the Orcish Mines.
  7147 | D:9      | XOM: 5-stop teleportation journey
  7152 | D:9      | Found a staircase to the Lair.
  7171 | D:9      | XOM: scenery: create altars
  7277 | D:9      | XOM: cast spell 'Summon Hydra'
  7278 | D:9      | Gained mutation: You are completely attuned to the shadows. [demonic ancestry]
  7278 | D:9      | Reached XP level 11. HP: 81/90 MP: 11/11
  7323 | D:9      | XOM: confuse monster(s)
  7424 | D:9      | Found a radiant altar of Vehumet.
  7549 | D:9      | Noticed a two-headed ogre
  7555 | D:9      | Killed a two-headed ogre
  7555 | D:9      | Reached skill level 10 in Armour
  7743 | D:9      | Noticed a two-headed ogre
  7760 | D:9      | Killed a two-headed ogre
  7820 | D:9      | XOM: give mutations
  7820 | D:9      | Gained mutation: Your flesh is very heat resistant. (rF++) [Xom's grace]
  7820 | D:9      | Gained mutation: Your spells are a little harder to cast, but a little more powerful. [Xom's grace]
  7820 | D:9      | Gained mutation: Your spells are harder to cast, but more powerful. [Xom's grace]
  8069 | D:10     | Entered Level 10 of the Dungeon
  8294 | D:10     | Reached skill level 10 in Axes
  8297 | D:10     | Noticed Grum
  8308 | D:10     | Killed Grum
  8487 | D:10     | Noticed Snorg
  8500 | D:10     | HP: 3/90 [Snorg (13)]
  8502 | D:10     | XOM: 3-stop teleportation journey
  8708 | D:10     | XOM: give mutation
  8708 | D:10     | Gained mutation: You have sharp fingernails. [Xom's grace]
  8916 | D:10     | XOM: god gift: robe {god gift}
  8966 | D:10     | Killed Snorg
  9345 | D:10     | XOM: scenery: create altars
  9401 | D:10     | XOM: summons friendly crimson imp
  9415 | D:10     | XOM: butterfly on damage
  9665 | D:10     | Noticed Joseph
  9670 | D:10     | Killed Joseph
  9714 | D:11     | XOM: medium Chrm miscast
  9835 | D:11     | Found a labyrinth entrance.
  9849 | Lab      | Entered a labyrinth
 10269 | Lab      | Noticed a minotaur
 10270 | Lab      | XOM: enchant monster (bad)
 10279 | Lab      | XOM: destruction
 10289 | Lab      | XOM: divine lightning
 10294 | Lab      | Killed a minotaur
 10297 | Lab      | Got an ancient dagger {vamp}
 10299 | Lab      | Identified the cursed +1 dagger of the Shoals {vamp, Dex+4} (You took it off a minotaur in a labyrinth)
 10343 | Lab      | Found the +9 sword of Zonguldrok {reap}
 10498 | D:11     | Noticed a green ugly thing
 10505 | D:11     | Killed a green ugly thing
 10505 | D:11     | Reached skill level 11 in Axes
 10544 | D:11     | Noticed a two-headed ogre
 10554 | D:11     | XOM: enchant monster (good)
 10562 | D:11     | Killed a two-headed ogre
 10839 | D:11     | Noticed a brown ugly thing
 10851 | D:11     | Noticed a tyrant leech
 10851 | D:11     | a brown ugly thing changed into a tyrant leech
 10851 | D:11     | XOM: polymorph brown ugly thing -> tyrant leech
 10870 | D:11     | XOM: cast spell 'Call Canine Familiar'
 10877 | D:11     | Killed a tyrant leech
 10877 | D:11     | Reached XP level 12. HP: 28/97 MP: 12/12
 11006 | D:11     | XOM: harmless Summ miscast
 11221 | D:11     | XOM: harmless Pois miscast
 11372 | D:11     | XOM: noise
 11462 | D:11     | XOM: stat loss: -1 Int (16/17)
 11507 | D:11     | XOM: give mutations
 11507 | D:11     | Gained mutation: You are frail. (-10% HP) [Xom's mischief]
 11507 | D:11     | Lost mutation: You are very agile. (Dex +4) [Xom's mischief]
 11507 | D:11     | Lost mutation: You have a pair of small horns on your head. [Xom's mischief]
 11507 | D:11     | Lost mutation: Your spells are harder to cast, but more powerful. [Xom's mischief]
 11623 | Lair:1   | Entered Level 1 of the Lair of Beasts
 11623 | Lair:1   | Noticed Erica
 11631 | Lair:1   | XOM: potion effect (might)
 11633 | Lair:1   | Killed Erica
 11633 | Lair:1   | Reached skill level 12 in Axes
 11643 | Lair:1   | XOM: 2-stop teleportation journey
 11804 | Lair:1   | Reached skill level 1 in Dodging
 12279 | Lair:1   | Reached skill level 1 in Evocations
 12456 | Lair:1   | XOM is BORED!
 12456 | Lair:1   | XOM: mild Erth miscast
 12586 | Lair:1   | Found a shadowy altar of Dithmenos.
 12916 | Lair:1   | XOM: give mutations
 12916 | Lair:1   | Lost mutation: You are agile. (Dex +2) [Xom's mischief]
 12916 | Lair:1   | Lost mutation: Your spells are a little harder to cast, but a little more powerful. [Xom's mischief]
 12916 | Lair:1   | Lost mutation: Your muscles are strong. (Str +2) [Xom's mischief]
 12916 | Lair:1   | Lost mutation: You are covered in fur. (AC +1) [Xom's mischief]
 13023 | Lair:1   | XOM: summons 1 hostile shadow creature
 13170 | Lair:2   | Learned a level 6 spell: Deflect Missiles
 13174 | Lair:2   | Learned a level 3 spell: Ozocubu's Armour
 13344 | Lair:2   | XOM: torment (41/87 hp)
 13541 | Lair:2   | Found a staircase to the Shoals.
 13823 | Lair:2   | Found a staircase to the Snake Pit.
 13879 | Lair:2   | XOM: smoke on damage
 14036 | Lair:2   | XOM: swap monsters
 14079 | Lair:2   | XOM: mild Hex miscast
 14371 | Lair:3   | XOM: summons 5 friendly demons
 14382 | Lair:3   | XOM: silly message
 14384 | Lair:3   | XOM: mild Hex miscast
 14763 | Lair:3   | XOM: confuse monster(s)
 14769 | Lair:3   | Reached skill level 5 in Evocations
 14895 | Lair:3   | Reached skill level 5 in Dodging
 14984 | Lair:3   | XOM is BORED!
 14984 | Lair:3   | XOM: mild Summ miscast
 15097 | Lair:3   | XOM: god gift: giant spiked club {god gift}
 15104 | Lair:3   | XOM: god gift: 34 gold pieces
 15658 | Lair:3   | Got a twisted leather armour
 15669 | Lair:3   | Identified the +3 leather armour "Serch" {rF++ Str+2} (You found it on level 3 of the Lair of Beasts)
 15838 | Lair:3   | XOM: mild Summ miscast
 15950 | Lair:3   | Noticed Sonja
 15956 | Lair:3   | Killed Sonja
 15956 | Lair:3   | Reached skill level 13 in Axes
 15956 | Lair:3   | Gained mutation: You regenerate health from kills. [demonic ancestry]
 15956 | Lair:3   | Reached XP level 13. HP: 89/92 MP: 17/17
 16212 | Lair:4   | XOM: god gift: box of beasts
 16389 | Lair:4   | XOM: swap monsters
 16399 | Lair:4   | XOM: polymorph yak -> shapeshifter
 16911 | Lair:4   | XOM: divine lightning
 17184 | Lair:4   | XOM: medium Tmut miscast
 17216 | Lair:4   | XOM: give mutation
 17216 | Lair:4   | Gained mutation: Your muscles are strong. (Str +2) [Xom's grace]
 17557 | Lair:5   | XOM: give mutation
 17557 | Lair:5   | Lost mutation: You are frail. (-10% HP) [Xom's mischief]
 17668 | Lair:5   | XOM: divination: magic mapping
 17744 | Lair:5   | XOM: confuse monster(s)
 17804 | Lair:5   | XOM: noise
 17866 | Lair:5   | XOM: silly message
 17884 | Lair:5   | XOM: divination: detect items
 17903 | Lair:5   | Reached skill level 14 in Axes
 17933 | Lair:5   | Found a runed door.
 17933 | Lair:5   | Found a viscous altar of Jiyva.
 17933 | Lair:5   | Found a staircase to the Slime Pits.
 17933 | Lair:5   | Noticed an acid blob
 17933 | Lair:5   | Noticed an acid blob
 17943 | Lair:5   | XOM: confuse monster(s)
 17947 | Lair:5   | XOM: summons friendly iron imp
 17950 | Lair:5   | XOM: confuse monster(s)
 17953 | Lair:5   | HP: 5/103 [acid (13)]
 17961 | Lair:5   | Slain by an acid blob

Skill      XL: |  1  2  3  4  5  6  7  8  9 10 11 12 13 |
---------------+----------------------------------------+-----
Axes           | 3 4 5 6 8 9 11 13 14 | 14.0
Fighting       | 4 5 6 8 10 | 10.0
Armour         | 2 7 9 11 | 11.0
Dodging        | 5 |  5.0
Evocations     | 6 |  6.0

Action                   |  1- 3 |  4- 6 |  7- 9 | 10-12 | 13-15 || total
-------------------------+-------+-------+-------+-------+-------++-------
Melee: Hand axe          |    43 |   137 |   248 |   608 |   143 ||  1179
       Whip              |    50 |       |       |       |       ||    50
       Kick              |       |    15 |   101 |   312 |    83 ||   511
       Headbutt          |       |       |    42 |    95 |       ||   137
Evoke: Wand              |       |       |       |    20 |       ||    20
       Phial of floods   |       |       |       |     1 |       ||     1
       Box of beasts     |       |       |       |       |     1 ||     1
  Use: Scroll            |       |     5 |       |    24 |     4 ||    33
       Potion            |       |       |     1 |     9 |     6 ||    16
 Stab: Sleeping          |     1 |       |       |     7 |    11 ||    19
       Confused          |       |       |     2 |     1 |     2 ||     5
       Paralysed         |       |       |     1 |       |       ||     1
       Distracted        |       |       |       |     3 |     1 ||     4
  Eat: Chunk             |     2 |     6 |    10 |    24 |     6 ||    48
       Ration            |       |       |     1 |     3 |       ||     4
Armor: Leather armour    |    14 |       |       |     2 |    29 ||    45
       Chain mail        |    39 |    55 |   132 |   243 |       ||   469
       Troll leather arm |       |       |       |     7 |       ||     7
Dodge: Dodged            |    31 |    33 |    62 |   190 |    77 ||   393
Block: Buckler           |    16 |    20 |    53 |   160 |    27 ||   276
